 Dungeon Crawl Stone Soup version 0.21-a0-426-g98080a9 (webtiles) character file.

749 uglyjohn the Charmwright (level 7, -7/56 HPs)
             Began as a Gnoll Skald on Nov 5, 2017.
             Mangled by a gnoll
             ... wielding a +0 whip of electrocution
              (17 damage)
             ... on level 4 of the Dungeon on Nov 6, 2017.
             The game lasted 00:09:11 (3973 turns).

uglyjohn the Charmwright (Gnoll Skald)              Turns: 3973, Time: 00:09:12

Health: -7/56      AC: 10    Str: 17    XL:     7   Next: 77%
Magic:  15/15      EV: 12    Int: 17    God:
Gold:   367        SH:  0    Dex: 15    Spells: 8/17 levels left

rFire    . . .     SeeInvis .   a - +0 falchion
rCold    . . .     Gourm    .   (no shield)
rNeg     . . .     Faith    .   k - +0 scale mail
rPois    .         Spirit   .   r - +1 helmet of the Mutiny {Regen+ Str+4}
rElec    .         Reflect  .   (no cloak)
rCorr    .         Harm     .   m - +0 pair of gloves
MR       .....                  (no boots)
Stlth    +.........             (no amulet)
HPRegen  0.58/turn              (no ring)
MPRegen  0.14/turn              (no ring)

@: no status effects
A: distributed training, fangs 1, strong nose
a: no special abilities


You were on level 4 of the Dungeon.
You were not hungry.

You visited 1 branch of the dungeon, and saw 5 of its levels.

You collected 367 gold pieces.

Inventory:

Hand Weapons
 a - a +0 falchion (weapon)
Missiles
 g - 46 bolts
Armour
 b - a +0 leather armour
 k - a +0 scale mail (worn)
 m - a +0 pair of gloves (worn)
 r - the +1 helmet of the Mutiny (worn) {Regen+ Str+4}
   (You took it off Robin on level 2 of the Dungeon)

   It affects your strength (+4).
   It increases your rate of regeneration.
Jewellery
 x - an uncursed ring of positive energy {unknown}
 A - an uncursed ring of magical power {unknown}
 B - an uncursed amulet of faith {unknown}
Wands
 p - a wand of flame (25/48)
 w - a wand of iceblast (10/15)
Scrolls
 e - 3 scrolls of enchant weapon {unknown}
 j - 2 scrolls of recharging
 l - a scroll of fog
 n - 3 scrolls of remove curse
 q - 2 scrolls of identify
 s - 2 scrolls of amnesia {unknown}
 v - 2 scrolls of teleportation {unknown}
 y - a scroll of enchant armour {unknown}
Potions
 i - 2 potions of lignification {unknown}
 o - a potion of heal wounds
 t - 2 potions of ambrosia
 u - a potion of degeneration {unknown}
 z - a potion of curing {unknown}
 C - a potion of agility
Books
 c - a book of Battle

   Spells                             Type                      Level
   a - Infusion                       Charms                       1
   b - Shroud of Golubria             Charms/Translocation         2
   c - Song of Slaying                Charms                       2
   d - Spectral Weapon                Hexes/Charms                 3
   e - Regeneration                   Charms/Necromancy            3
Comestibles
 d - 3 bread rations
 h - a meat ration


   Skills:
 + Level 5.3 Fighting
 + Level 2.6 Short Blades
 + Level 5.3 Long Blades
 + Level 2.6 Axes
 + Level 2.6 Maces & Flails
 + Level 2.6 Polearms
 + Level 2.6 Staves
 + Level 2.6 Slings
 + Level 2.6 Bows
 + Level 2.6 Crossbows
 + Level 2.6 Throwing
 + Level 3.7 Armour
 + Level 5.3 Dodging
 + Level 2.6 Stealth
 + Level 2.6 Shields
 + Level 2.6 Unarmed Combat
 + Level 5.7 Spellcasting
 + Level 2.1 Conjurations
 + Level 2.1 Hexes
 + Level 5.9 Charms
 + Level 2.1 Summonings
 + Level 2.1 Necromancy
 + Level 2.1 Translocations
 + Level 2.1 Transmutations
 + Level 2.1 Fire Magic
 + Level 2.1 Ice Magic
 + Level 2.1 Air Magic
 + Level 2.1 Earth Magic
 + Level 2.1 Poison Magic
 + Level 2.9 Invocations
 + Level 2.6 Evocations


You had 8 spell levels left.
You knew the following spells:

 Your Spells              Type           Power        Failure   Level  Hunger
a - Infusion              Chrm           ###.         3%          1    None
b - Shroud of Golubria    Chrm/Tloc      ###.......   12%         2    #......
c - Regeneration          Chrm/Necr      ###.......   24%         3    ##.....
d - Spectral Weapon       Hex/Chrm       ###.....     24%         3    ##.....


Dungeon Overview and Level Annotations

Branches:
Dungeon (5/15)
 Temple: D:4-7

Altars:
Xom


Innate Abilities, Weirdness & Mutations

Your experience applies equally to all skills.
You have very sharp teeth.
Your uncanny sense of smell can sniff out nearby items.


Message History

There is a stone staircase leading down, spattered with blood here.
You hit the gnoll.
The gnoll is lightly wounded.
The gnoll closely misses you. The gnoll misses you.
You hit the gnoll.
The gnoll is lightly wounded.
The gnoll hits you but does no damage.
You are electrocuted!
The gnoll hits you but does no damage.
Unknown command.
You hit the gnoll.
The gnoll is heavily wounded.
The gnoll hits you but does no damage. The gnoll closely misses you.
You hit the gnoll but do no damage. You bite the gnoll, but do no damage.
The gnoll is heavily wounded.
The gnoll hits you with a whip of electrocution.
You are electrocuted!
* * * LOW HITPOINT WARNING * * *
The gnoll misses you. The gnoll hits you but does no damage.
You are electrocuted!
You die...

.....##.#.##..#....#
####.##.#.###.#..#.#
# #.##.#.###.#..#.#
# #.##.#........#.#
####.##.#####..#.#.#
.....##..........#.#
#####<########...#[#
# #.# #...#.# # #.#
#.g@#.# # #.#
##>.#.# #.# ##g#.#
#.# #.#.####### #.#
#.#.......# #.#
#.#######.# #.#
#.........# #.#
########### #.#


You could see 2 gnolls.

Vanquished Creatures
  A phantom (D:4)
  A centaur (D:5)
  A big kobold (D:4)
  A scorpion (D:4)
  A howler monkey (D:3)
  A crimson imp (D:5)
  A bullfrog skeleton (D:4)
  4 orc wizards
  A worker ant (D:4)
  Robin (D:2)
  5 gnolls (D:5)
  5 adders
  3 oozes
  An adder skeleton (D:5)
  A worm (D:2)
  2 dart slugs
  2 leopard geckos
  9 orcs
  2 ball pythons
  7 giant cockroaches
  14 goblins
  4 hobgoblins
  3 jackals (D:3)
  7 bats
  A frilled lizard (D:1)
  13 kobolds
  A quokka skeleton (D:5)
  7 rats
100 creatures vanquished.

Vanquished Creatures (others)
  A spectral weapon (D:5)
1 creature vanquished.

Grand Total: 101 creatures vanquished

Notes
Turn   | Place    | Note
-------+----------+-------------------------------------------
     0 | D:1      | uglyjohn the Gnoll Skald began the quest for the Orb.
     0 | D:1      | Reached XP level 1. HP: 20/20 MP: 6/6
    73 | D:1      | Reached XP level 2. HP: 26/26 MP: 7/7
   244 | D:1      | Learned a level 2 spell: Shroud of Golubria
   758 | D:2      | Reached XP level 3. HP: 26/31 MP: 9/9
   768 | D:2      | Reached skill level 5 in Spellcasting
   931 | D:2      | Reached skill level 1 in Invocations
   958 | D:2      | Noticed Robin
  1223 | D:2      | Killed Robin
  1223 | D:2      | Reached skill level 1 in Short Blades
  1223 | D:2      | Reached skill level 1 in Axes
  1223 | D:2      | Reached skill level 1 in Maces & Flails
  1223 | D:2      | Reached skill level 1 in Polearms
  1223 | D:2      | Reached skill level 1 in Staves
  1223 | D:2      | Reached skill level 1 in Slings
  1223 | D:2      | Reached skill level 1 in Bows
  1223 | D:2      | Reached skill level 1 in Crossbows
  1223 | D:2      | Reached skill level 1 in Throwing
  1223 | D:2      | Reached skill level 1 in Stealth
  1223 | D:2      | Reached skill level 1 in Shields
  1223 | D:2      | Reached skill level 1 in Unarmed Combat
  1223 | D:2      | Reached skill level 1 in Evocations
  1223 | D:2      | Reached XP level 4. HP: 38/38 MP: 9/11
  1230 | D:2      | Got a heavily runed helmet
  1239 | D:2      | Identified the +1 helmet of the Mutiny {Regen+ Str+4} (You took it off Robin on level 2 of the Dungeon)
  1328 | D:2      | Found a faded altar of an unknown god.
  1771 | D:2      | Learned a level 3 spell: Regeneration
  1775 | D:2      | Learned a level 3 spell: Spectral Weapon
  1775 | D:2      | Upgraded the game from 0.21-a0-421-gfc1ce30 to 0.21-a0-426-g98080a9
  1820 | D:3      | Reached skill level 1 in Conjurations
  1820 | D:3      | Reached skill level 1 in Hexes
  1820 | D:3      | Reached skill level 1 in Summonings
  1820 | D:3      | Reached skill level 1 in Necromancy
  1820 | D:3      | Reached skill level 1 in Translocations
  1820 | D:3      | Reached skill level 1 in Transmutations
  1820 | D:3      | Reached skill level 1 in Fire Magic
  1820 | D:3      | Reached skill level 1 in Ice Magic
  1820 | D:3      | Reached skill level 1 in Air Magic
  1820 | D:3      | Reached skill level 1 in Earth Magic
  1820 | D:3      | Reached skill level 1 in Poison Magic
  1820 | D:3      | Reached XP level 5. HP: 43/43 MP: 7/12
  2107 | D:3      | Found a shimmering altar of Xom.
  2677 | D:4      | Reached XP level 6. HP: 50/50 MP: 13/13
  2840 | D:4      | Noticed a phantom
  2894 | D:4      | Killed a phantom
  2894 | D:4      | Reached skill level 5 in Fighting
  2894 | D:4      | Reached skill level 5 in Long Blades
  2894 | D:4      | Reached skill level 5 in Dodging
  3490 | D:5      | Entered Level 5 of the Dungeon
  3520 | D:5      | Reached XP level 7. HP: 48/56 MP: 15/15
  3973 | D:4      | Mangled by a gnoll

Vault maps used:
D:1:      saegor_arrival_simple_e, grunt_decor_one_mirror, minmay_tetromino_i4
D:2:      first_bread, chequers_ecumenical_altar_twisty, st_stairs_11,
          uniq_robin
D:3:      xom_teletrap_fun, uniq_crazy_yiuf_cottage
D:4:      kennysheep_generic_room_3
D:5:      uniq_duvessa

Skill      XL: |  1  2  3  4  5  6  7 |
---------------+----------------------+-----
Spellcasting   | 5 |  5.7
Invocations    | 1 2 |  2.9
Short Blades   | 1 2 |  2.6
Axes           | 1 2 |  2.6
Maces & Flails | 1 2 |  2.6
Polearms       | 1 2 |  2.6
Staves         | 1 2 |  2.6
Slings         | 1 2 |  2.6
Bows           | 1 2 |  2.6
Crossbows      | 1 2 |  2.6
Throwing       | 1 2 |  2.6
Stealth        | 1 2 |  2.6
Shields        | 1 2 |  2.6
Unarmed Combat | 1 2 |  2.6
Evocations     | 1 2 |  2.6
Conjurations   | 1 2 |  2.1
Hexes          | 1 2 |  2.1
Summonings     | 1 2 |  2.1
Necromancy     | 1 2 |  2.1
Translocations | 1 2 |  2.1
Transmutations | 1 2 |  2.1
Fire Magic     | 1 2 |  2.1
Ice Magic      | 1 2 |  2.1
Air Magic      | 1 2 |  2.1
Earth Magic    | 1 2 |  2.1
Poison Magic   | 1 2 |  2.1
Armour         | 3 |  3.7
Fighting       | 5 |  5.3
Long Blades    | 5 |  5.3
Dodging        | 5 |  5.3
Charms         | |  5.9

Action                   |  1- 3 |  4- 6 |  7- 9 || total
-------------------------+-------+-------+-------++-------
Melee: Falchion          |   104 |   261 |    94 ||   459
       Bite              |    11 |    45 |    19 ||    75
       Punch             |       |     3 |     1 ||     4
 Cast: Shroud of Golubri |     1 |     3 |     2 ||     6
       Regeneration      |       |     2 |     1 ||     3
       Infusion          |       |       |     1 ||     1
       Spectral Weapon   |       |       |     1 ||     1
  Use: Scroll            |     1 |     8 |       ||     9
  Eat: Chunk             |     1 |     6 |     2 ||     9
       Royal jelly       |       |     1 |       ||     1
Armor: Leather armour    |     4 |       |       ||     4
       Scale mail        |    47 |   110 |    52 ||   209
Dodge: Dodged            |    80 |   191 |    70 ||   341
       Rpst.: Falchion   |    21 |    62 |    16 ||    99

Table legend:
 A = Spawn XP
 B = Non-spawn XP
 C = Spawn XP percentage of total XP
 D = Spawn monster count
 E = Non-spawn monster count
 F = Spawn count percentage of total count
 G = Total turns spent on level
                    A         B        C        D         E        F      G
               +---------+---------+-------+---------+---------+-------+---------
         Total |       0 |    1070 |   0.0 |       0 |     100 |   0.0 |  3973
               +---------+---------+-------+---------+---------+-------+---------
           D:1 |       0 |      33 |   0.0 |       0 |      16 |   0.0 |   880
           D:2 |       0 |      93 |   0.0 |       0 |      29 |   0.0 |   920
           D:3 |       0 |     190 |   0.0 |       0 |      33 |   0.0 |   830
           D:4 |       0 |     384 |   0.0 |       0 |       8 |   0.0 |  1084
           D:5 |       0 |     370 |   0.0 |       0 |      14 |   0.0 |   259
               +---------+---------+-------+---------+---------+-------+---------
